 Dungeon Crawl Stone Soup version 0.29.1-15-g9cfb28693d (webtiles) character file.

Game seed: 12802678839303068431

317 monsoonserge the Insei (level 6, -3/47 HPs)
             Began as a Gnoll Transmuter on Apr 23, 2023.
             Constricted to death by Duvessa (4 damage)
             ... on level 4 of the Dungeon.
             The game lasted 00:08:57 (3116 turns).

monsoonserge the Insei (Gnoll Transmuter)           Turns: 3116, Time: 00:08:58

Health: -3/47      AC:  5    Str: 16    XL:     6   Next: 44%
Magic:  14/14      EV: 10    Int: 14    God:
Gold:   133        SH:  0    Dex: 12    Spells: 14/15 levels left

rFire   . . .      SeeInvis .     - Unarmed
rCold   . . .      Faith    .   (no shield)
rNeg    . . .      Spirit   .   n - +0 leather armour
rPois   .          Reflect  .   (no helmet)
rElec   .          Harm     .   (no cloak)
rCorr   .          Rampage  .   (no gloves)
Will    .....                   t - +1 pair of boots
Stlth   ++........              (no amulet)
HPRegen 0.15/turn               k - +6 ring of strength
MPRegen 0.14/turn               (no ring)

@: grasped by roots, constricted
A: fangs 1, strong nose, distributed training
a: no special abilities


You were on level 4 of the Dungeon.
You visited 1 branch of the dungeon, and saw 4 of its levels.

You collected 133 gold pieces.

Inventory:

Hand Weapons
 e - a +0 sling
Missiles
 c - 31 stones (quivered)
 o - 2 poisoned darts
Armour
 n - a +0 leather armour (worn)
 q - a +0 ring mail
 t - a +1 pair of boots (worn)
Jewellery
 k - a +6 ring of strength (left hand)
Scrolls
 a - a scroll of immolation {unknown}
 d - 2 scrolls of teleportation {unknown}
 f - 3 scrolls of identify {unknown}
 g - a scroll of blinking {unknown}
 i - 4 scrolls of enchant armour {unknown}
 j - a scroll of brand weapon {unknown}
 l - a scroll of vulnerability {unknown}
Potions
 b - 2 potions of lignification
 h - 4 potions of curing
 m - a potion of cancellation {unknown}
 p - a potion of might {unknown}
 r - a potion of flight {unknown}
 s - a potion of degeneration {unknown}


   Skills:
 + Level 3.3 Fighting
 + Level 2.0 Short Blades
 + Level 2.0 Long Blades
 + Level 2.0 Axes
 + Level 2.0 Maces & Flails
 + Level 2.0 Polearms
 + Level 2.0 Staves
 + Level 2.0 Ranged Weapons
 + Level 2.0 Throwing
 + Level 2.0 Armour
 + Level 5.0 Dodging
 + Level 2.0 Stealth
 + Level 2.0 Shields
 + Level 6.8 Unarmed Combat
 + Level 5.4 Spellcasting
 + Level 1.6 Conjurations
 + Level 1.6 Hexes
 + Level 1.6 Summonings
 + Level 1.6 Necromancy
 + Level 1.6 Translocations
 + Level 4.1 Transmutations
 + Level 1.6 Fire Magic
 + Level 1.6 Ice Magic
 + Level 1.6 Air Magic
 + Level 1.6 Earth Magic
 + Level 1.6 Poison Magic
 + Level 2.2 Invocations
 + Level 2.0 Evocations


You had 14 spell levels left.
You knew the following spells:

 Your Spells              Type           Power      Damage    Failure   Level
a - Beastly Appendage     Tmut           30%        N/A       3%          1

Your spell library contained the following spells:

 Spells                   Type           Power      Damage    Failure   Level
 Wereblood                Tmut           15%        N/A       5%          2
 Sublimation of Blood     Necr           8%         N/A       16%         2
 Spider Form              Tmut/Pois      11%        N/A       19%         3
 Ignite Poison            Fire/Tmut/Pois 10%        N/A       22%         3
 Conjure Flame            Conj/Fire      8%         6-21      32%         3
 Ozocubu's Armour         Ice            8%         N/A       32%         3
 Ice Form                 Ice/Tmut       11%        N/A       52%         4
 Petrify                  Tmut/Erth      11%        N/A       52%         4
 Sticky Flame             Conj/Fire      8%         2d3       71%         4
 Irradiate                Conj/Tmut      5%         3d13      86%         5
 Metabolic Englaciation   Hex/Ice        4%         N/A       96%         5
 Simulacrum               Ice/Necr       4%         N/A       100%        6


Dungeon Overview and Level Annotations

Branches:
Dungeon (4/15)
 Temple: D:4-7

Altars:
Sif Muna

Annotations:
D:4 Dowan, Duvessa


Innate Abilities, Weirdness & Mutations

You have very sharp teeth.
Your uncanny sense of smell can sniff out nearby items.
Your experience applies equally to all skills.


Message History

You barely miss Duvessa. You claw Duvessa.
Duvessa is heavily wounded.
Duvessa hits you with a +0 short sword!
Dowan gestures wildly while chanting.
Dowan blinks!
You punch Duvessa! Your kick misses Duvessa.
Duvessa is severely wounded.
Duvessa hits you but does no damage.
You barely miss Duvessa. You claw Duvessa, but do no damage.
Your bite misses Duvessa.
Duvessa is severely wounded.
Duvessa hits you with a +0 short sword. Duvessa closely misses you.
You closely miss Duvessa. Your headbutt misses Duvessa.
Duvessa is severely wounded.
Dowan casts a spell at you. The puff of flame hits you!
Duvessa zaps a wand.
The roots erupt in riotous growth!
The grasping roots grab you!
Dowan is unaffected.
Duvessa is unaffected.
The grasping roots constrict you.
You barely miss Duvessa. Your headbutt misses Duvessa.
Duvessa is severely wounded.
Duvessa completely misses you. The grasping roots constrict you.
Dowan gestures wildly while chanting.
Dowan blinks!
Unknown command.
You punch Duvessa! You claw Duvessa.
Duvessa is almost dead.
Duvessa hits you with a +0 short sword!
* * * LOW HITPOINT WARNING * * *
The grasping roots constrict you.
* * * LOW HITPOINT WARNING * * *
It was a potion of curing.
You feel better.
Your horns disappear.
Your talons disappear.
Your +1 pair of boots unmelds from your body.
Duvessa hits you with a +0 short sword.
* * * LOW HITPOINT WARNING * * *
The grasping roots constrict you.
* * * LOW HITPOINT WARNING * * *
Duvessa hits you but does no damage. The grasping roots constrict you.
You die...

#....................
######.>..................
#......#######'######+#....
#......#..........# ....
#.....##+##.......# ..
#.....# #.......# #.....#
###..#### #.....#
#..##.##### #######
##.@...e... #.§e...... ∆
#........# #........#
####...#.# #### . ∆


You could see Duvessa (fast) and Dowan.

Vanquished Creatures
  The ghost of tizbic2 the Trooper, an amateur GrFi (D:3)
  A necrophage (D:4)
  A jelly (D:3)
  Jessica (D:3)
  5 adders
  A river rat (D:3)
  An ufetubus (D:4)
  2 worms
  10 orcs
  An endoplasm (D:2)
  6 giant cockroaches
  4 hobgoblins
  4 quokkas
  2 ball pythons
  3 bats
  4 frilled lizards
  6 kobolds
  5 rats
58 creatures vanquished.

Notes
Turn   | Place    | Note
-------+----------+-------------------------------------------
     0 | D:1      | monsoonserge the Gnoll Transmuter began the quest for the
                  | Orb.
     0 | D:1      | Reached XP level 1. HP: 17/17 MP: 6/6
   372 | D:1      | Reached XP level 2. HP: 23/23 MP: 5/7
   946 | D:2      | Reached skill level 5 in Spellcasting
   946 | D:2      | Reached XP level 3. HP: 24/28 MP: 6/9
  1167 | D:2      | Reached skill level 1 in Invocations
  1227 | D:2      | Reached skill level 1 in Short Blades
  1227 | D:2      | Reached skill level 1 in Long Blades
  1227 | D:2      | Reached skill level 1 in Axes
  1227 | D:2      | Reached skill level 1 in Maces & Flails
  1227 | D:2      | Reached skill level 1 in Polearms
  1227 | D:2      | Reached skill level 1 in Staves
  1227 | D:2      | Reached skill level 1 in Ranged Weapons
  1227 | D:2      | Reached skill level 1 in Throwing
  1227 | D:2      | Reached skill level 1 in Armour
  1227 | D:2      | Reached skill level 1 in Stealth
  1227 | D:2      | Reached skill level 1 in Shields
  1227 | D:2      | Reached skill level 1 in Evocations
  1749 | D:3      | Reached XP level 4. HP: 29/34 MP: 11/11
  1935 | D:3      | Noticed Jessica
  1941 | D:3      | Killed Jessica
  1942 | D:3      | Reached skill level 1 in Conjurations
  1942 | D:3      | Reached skill level 1 in Hexes
  1942 | D:3      | Reached skill level 1 in Summonings
  1942 | D:3      | Reached skill level 1 in Necromancy
  1942 | D:3      | Reached skill level 1 in Translocations
  1942 | D:3      | Reached skill level 1 in Fire Magic
  1942 | D:3      | Reached skill level 1 in Ice Magic
  1942 | D:3      | Reached skill level 1 in Air Magic
  1942 | D:3      | Reached skill level 1 in Earth Magic
  1942 | D:3      | Reached skill level 1 in Poison Magic
  2046 | D:3      | Found a runed translucent door.
  2046 | D:3      | Noticed tizbic2's ghost (amateur GrFi)
  2065 | D:3      | Found a shimmering blue altar of Sif Muna.
  2086 | D:3      | Reached XP level 5. HP: 21/40 MP: 10/12
  2557 | D:3      | Found a runed translucent door.
  2639 | D:3      | Killed tizbic2's ghost
  2640 | D:3      | Reached XP level 6. HP: 23/47 MP: 13/13
  2965 | D:4      | Reached skill level 5 in Dodging
  3105 | D:4      | Noticed Duvessa
  3105 | D:4      | Noticed Dowan
  3116 | D:4      | HP: 1/47 [constriction (3)]
  3116 | D:4      | Constricted to death by Duvessa

Illustrated notes

Levels and vault maps discovered:
D:1:      lightli_arrival_noodles, layout_basic, kennysheep_another_room
D:2:      layout_rooms
D:3:      layout_loops_ring, nicolae_sif_muna_condensation,
          ebering_ghost_sewer_f, chequers_garden, uniq_jessica
D:4:      minmay_angry_zag, layout_gridville, doesnt_xom_only_xom,
          serial_rivers, chequers_serial_rivers_micro_d,
          chequers_serial_rivers_micro_e, chequers_serial_rivers_micro_c,
          chequers_serial_rivers_micro_c, chequers_serial_rivers_small_a,
          chequers_serial_rivers_micro_a, serial_shops, shop,
          corexii_leaking_fountain, uniq_duvessa, uniq_robin

Skill      XL: |  1  2  3  4  5  6 |
---------------+-------------------+-----
Spellcasting   | 5 |  5.4
Invocations    | 1 2 |  2.2
Short Blades   | 1 2 |  2.0
Long Blades    | 1 2 |  2.0
Axes           | 1 2 |  2.0
Maces & Flails | 1 2 |  2.0
Polearms       | 1 2 |  2.0
Staves         | 1 2 |  2.0
Ranged Weapons | 1 2 |  2.0
Throwing       | 1 2 |  2.0
Armour         | 1 2 |  2.0
Stealth        | 1 2 |  2.0
Shields        | 1 2 |  2.0
Evocations     | 1 2 |  2.0
Conjurations   | 1 |  1.6
Hexes          | 1 |  1.6
Summonings     | 1 |  1.6
Necromancy     | 1 |  1.6
Translocations | 1 |  1.6
Fire Magic     | 1 |  1.6
Ice Magic      | 1 |  1.6
Air Magic      | 1 |  1.6
Earth Magic    | 1 |  1.6
Poison Magic   | 1 |  1.6
Fighting       | 3 |  3.3
Transmutations | 4 |  4.1
Dodging        | 5 |  5.0
Unarmed Combat | |  6.8

Action                   |  1- 3 |  4- 6 || total
-------------------------+-------+-------++-------
Melee: Unarmed           |    59 |    77 ||   136
       Kick              |     9 |    16 ||    25
       Headbutt          |     4 |    10 ||    14
       Bite              |     2 |     6 ||     8
       Punch             |     1 |     3 ||     4
 Cast: Beastly Appendage |    26 |    14 ||    40
  Use: Potion            |       |     2 ||     2
 Stab: Sleeping          |     2 |     1 ||     3
Armor: Robe              |     6 |       ||     6
       Leather armour    |     2 |    11 ||    13
       Skin              |       |     5 ||     5
Dodge: Dodged            |    36 |    37 ||    73
